 Dungeon Crawl Stone Soup version 0.26-a0-597-gb535b0901c (webtiles) character file.

Game seed: 871210892363674806

28 Alarkh the Skirmisher (level 3, 29/29 HPs)
             Began as a Demonspawn Monk on Sept 3, 2020.
             Got out of the dungeon alive.
             The game lasted 00:00:51 (929 turns).

Alarkh the Skirmisher (Demonspawn Monk)              Turns: 929, Time: 00:00:51

Health: 29/29      AC:  2    Str: 11    XL:     3   Next: 0%
Magic:  3/3        EV: 13    Int: 12    God:
Gold:   77         SH:  0    Dex: 15    Spells: 2/2 levels left

rFire    . . .     SeeInvis .     - Unarmed
rCold    . . .     Faith    .   (no shield)
rNeg     . . .     Spirit   .   a - +0 robe
rPois    .         Reflect  .   (helmet restricted)
rElec    .         Harm     .   (no cloak)
rCorr    .                      (no gloves)
MR       .....                  (no boots)
Stlth    ++........             i - amulet of magic regeneration
HPRegen  0.09/turn              (no ring)
MPRegen  0.33/turn              (no ring)

@: no status effects
A: horns 1, spiny 1
a: no special abilities


You escaped.
You visited 1 branch of the dungeon, and saw 2 of its levels.

You collected 77 gold pieces.

Inventory:

Armour
 a - a +0 robe (worn)
Jewellery
 e - an uncursed ring of ice
 h - an uncursed amulet of regeneration {unknown}
 i - an amulet of magic regeneration (around neck)
Scrolls
 b - a scroll of remove curse {unknown}
 c - 4 scrolls of identify {unknown}
 d - a scroll of magic mapping {unknown}
Potions
 f - a potion of magic {unknown}
 g - a potion of degeneration {unknown}


   Skills:
 + Level 3.4 Fighting
 - Level 2.6 Dodging
 - Level 1.7 Stealth
 * Level 3.4 Unarmed Combat


You had 2 spell levels left.
You didn't know any spells.
Your spell library was empty.

Dungeon Overview and Level Annotations

Branches:
Dungeon (2/15)

Altars:


Innate Abilities, Weirdness & Mutations

You have a pair of small horns on your head.
You are partially covered in sharp spines.


Message History

You climb upwards.
There is a stone staircase leading down here.
There is an open door here.
You see here 12 stones.
There is a shaft here.
You see here a stone.
You see here a stone.
There is a stone staircase leading down here.
There is an open door here.
There is an open door here.
There is an open door here.
There is an open door here.
There is an open door here.
There is an open door here.
There is an open door here.
There is an open door here.
There is an open door here.
There is a staircase leading out of the dungeon here.
Are you sure you want to leave the Dungeon?
This will make you lose the game!
You have escaped!

..#...################.#
...)..#.......#......#(#
.##.#.#.#.....'....#.#.#
.(....#.......#...)..#.#
#.###.#...########...#.#
......#...#...'..#...#.#####
#.###.#...#...#..#...#.....######
#.....#...#...##'###'#####...^...
#.#[#.###'#'####@#...#...#..####.
#.#.#.#...#....###...#...#..# #.
#.#...#...#....#.....#...#######.
#.#####...#....#...#.#...#.....#.
#.....#...#.[..'.....#...#.#####.
#####.#...############...#...# #.
......#........#.........#.#># #.
#...#.#........#.........'.#(# #.
'...'.#........'.........###.# #.


There were no monsters in sight!

Vanquished Creatures
  An ooze (D:2)
  2 dart slugs (D:1)
  2 ball pythons (D:1)
  A giant cockroach (D:1)
  2 goblins (D:2)
  4 bats
  4 kobolds
  5 rats
21 creatures vanquished.

Notes
Turn   | Place    | Note
-------+----------+-------------------------------------------
     0 | D:1      | Alarkh the Demonspawn Monk began the quest for the Orb.
     0 | D:1      | Reached XP level 1. HP: 18/18 MP: 1/1
   222 | D:1      | Gained mutation: You are partially covered in sharp spines.
                  | [demonic ancestry]
   222 | D:1      | Reached XP level 2. HP: 20/24 MP: 2/2
   703 | D:2      | Gained mutation: You have a pair of small horns on your
                  | head. [demonic ancestry]
   703 | D:2      | Reached XP level 3. HP: 29/29 MP: 3/3
   929 | D:$      | Got out of the dungeon alive.

Illustrated notes

Levels and vault maps discovered:
D:1:      minmay_arrival_widening_spiral_wide, layout_basic
D:2:      layout_loops_ring, old_standard_altar, nicolae_overflow_hidden_temple

Skill      XL: |  1 |
---------------+----+-----
Unarmed Combat | 3 |  3.4
Fighting       | |  3.4
Dodging        | |  2.6
Stealth        | |  1.7

Action                   || total
-------------------------++-------
Melee: Unarmed           ||    50
       Punch             ||     1
 Stab: Sleeping          ||     8
Armor: Robe              ||     5
Dodge: Dodged            ||    30

Table legend: (Time is in decaauts)
 A = Elapsed time spent in this place.
 B = Non-inter-level travel time spent in this place.
 C = Inter-level travel time spent in this place.
 D = Time resting spent in this place.
 E = Time spent auto-exploring this place.
 F = Levels seen in this place.
 G = Mean time per level.
                   A        B        C        D        E       F      G
               +--------+--------+--------+--------+--------+-----+--------+
         Total |    925 |    674 |    251 |      0 |    527 |   2 |  462.5 |
       Dungeon |    925 |    674 |    251 |      0 |    527 |   2 |  462.5 |
               +--------+--------+--------+--------+--------+-----+--------+

Top non-repeatable levels by time:
     D:1: 682 daAuts
     D:2: 243 daAuts
